 Dungeon Crawl Stone Soup version 0.23.2-1-ga50397a (webtiles) character file.

Game seed: 314071339064862906

625 whitewolfNL the Cudgeler (level 7, -9/62 HPs)
             Began as a Minotaur Berserker on May 21, 2019.
             Was a Priest of Trog.
             Mangled by an orc warrior
             ... wielding a +0 glaive
              (12 damage)
             ... on level 5 of the Dungeon.
             The game lasted 00:13:03 (4157 turns).

whitewolfNL the Cudgeler (Minotaur Berserker)       Turns: 4157, Time: 00:13:04

Health: -9/62      AC: 13    Str: 21    XL:     7   Next: 23%
Magic:  2/2        EV:  8    Int:  4    God:    Trog [***...]
Gold:   197        SH:  0    Dex: 12    Spells: 6/6 levels left

rFire    . . .     SeeInvis .   w - +2 flail (antimagic)
rCold    . . .     Gourm    .   (no shield)
rNeg     + . .     Faith    .   p - +0 plate armour
rPois    .         Spirit   .   (helmet restricted)
rElec    .         Reflect  .   (no cloak)
rCorr    .         Harm     .   x - +1 pair of gloves of the Skies Above {Stlth+}
MR       .....                  (no boots)
Stlth    ..........             (no amulet)
HPRegen  0.20/turn              r - ring of positive energy
MPRegen  0.08/turn              (no ring)

@: berserk cooldown, slowed, very slow
A: retaliatory headbutt, horns 2
a: Berserk, Trog's Hand, Renounce Religion


You were on level 5 of the Dungeon.
You worshipped Trog.
Trog was most pleased with you.
You were hungry.

You visited 1 branch of the dungeon, and saw 5 of its levels.

You collected 197 gold pieces.

Inventory:

Hand Weapons
 w - a +2 antimagic flail (weapon)
Missiles
 b - 46 bolts
 f - 2 throwing nets
 g - 155 stones (quivered)
 j - 9 tomahawks
 o - 19 arrows
 q - 17 sling bullets
 y - 11 poisoned needles
Armour
 p - a +0 plate armour (worn)
 x - the +1 pair of gloves of the Skies Above (worn) {Stlth+}
   (You found it on level 4 of the Dungeon)

   It makes you more stealthy.
Jewellery
 r - a ring of positive energy (left hand)
Wands
 a - a wand of acid (11)
 B - a wand of disintegration (14)
Scrolls
 d - a scroll of amnesia {unknown}
 i - 7 scrolls of remove curse {unknown}
 k - 3 scrolls of noise {unknown}
 l - 13 scrolls of identify {unknown}
 n - a scroll of teleportation {unknown}
 s - 2 scrolls of magic mapping {unknown}
 t - a scroll of enchant armour {unknown}
 v - a scroll of random uselessness {unknown}
 C - a scroll of fog {unknown}
Potions
 e - 2 potions of curing {unknown}
 h - 4 potions of mutation {unknown}
 m - a potion of might {unknown}
 u - a potion of degeneration {unknown}
 z - a potion of brilliance {unknown}
Comestibles
 c - 7 rations
 A - 4 chunks of flesh


   Skills:
 * Level 5.7 Fighting
 * Level 5.9 Maces & Flails
 * Level 3.1 Throwing
 + Level 4.0 Armour
 + Level 4.1 Dodging
 - Level 1.0 Stealth


You had 6 spell levels left.
You didn't know any spells.
Your spell library was empty.

Dungeon Overview and Level Annotations

Branches:
Dungeon (5/15)             Temple (0/1) D:5

Altars:
Cheibriados
Xom

Shops:
D:5 *


Innate Abilities, Weirdness & Mutations

You reflexively headbutt those who attack you in melee.
You have a pair of horns on your head.


Message History

The orc warrior hits you but does no damage.
The orc wizard hits you but does no damage.
You hit the orc warrior.
You headbutt the orc warrior, but do no damage.
The orc warrior is severely wounded.
The orc wizard hits you but does no damage.
The orc closely misses you. The orc warrior closely misses you.
The orc wizard completely misses you. The orc hits you but does no damage.
You hit the orc warrior. Your headbutt misses the orc warrior.
The orc warrior is almost dead.
The orc wizard hits you with a +0 dagger.
* * * LOW HITPOINT WARNING * * *
The orc warrior hits you with a +0 glaive.
* * * LOW HITPOINT WARNING * * *
The orc wizard casts a spell.
The orc wizard blinks!
The orc hits you but does no damage.
You closely miss the orc warrior. Your headbutt misses the orc warrior.
The orc warrior is almost dead.
The orc warrior hits you with a +0 glaive!
You die...

# #.######....###...#
##.....#..#
##.......###
###.......###
###########........##
#.......# ##........#
#......(#####........
+...o...)ยง##(........
#...$...#o@).........
#.......###o.........
####+#### ...........
#.........<.
............
#...........#
##.........#
#.......##


You could see an orc warrior, an orc wizard and an orc.

Vanquished Creatures
  An ice beast (D:5)
  A centaur (D:5)
  A hound (D:4)
  A jelly (D:5)
  2 centaur zombies (D:5)
  An orc priest (D:4)
  A worker ant (D:4)
  An orc wizard (D:5)
  A howler monkey skeleton (D:4)
  4 gnolls (D:4)
  6 adders
  2 adder skeletons (D:4)
  4 worms
  8 leopard geckos
  16 orcs
  9 bats
  14 giant cockroaches
  4 goblins
  10 hobgoblins
  12 jackals
  6 kobolds
  2 ball pythons
  A frilled lizard (D:1)
  4 rats
  3 bushes (D:4)
115 creatures vanquished.

Notes
Turn   | Place    | Note
-------+----------+-------------------------------------------
     0 | D:1      | whitewolfNL the Minotaur Berserker began the quest for the
                  | Orb.
     0 | D:1      | Reached XP level 1. HP: 19/19 MP: 0/0
   367 | D:1      | Reached XP level 2. HP: 17/27 MP: 1/1
   652 | D:1      | Reached XP level 3. HP: 33/33 MP: 2/2
  1037 | D:2      | Reached skill level 1 in Stealth
  1061 | D:2      | Reached ** piety under Trog
  1219 | D:2      | Reached XP level 4. HP: 38/40 MP: 3/3
  1548 | D:2      | Reached skill level 1 in Throwing
  1833 | D:3      | Reached *** piety under Trog
  1836 | D:3      | Reached XP level 5. HP: 39/47 MP: 4/4
  2027 | D:3      | Found a snail-covered altar of Cheibriados.
  2033 | D:3      | Found a shimmering altar of Xom.
  3008 | D:4      | Reached skill level 5 in Maces & Flails
  3041 | D:4      | Reached skill level 5 in Fighting
  3041 | D:4      | Reached XP level 6. HP: 56/56 MP: 1/5
  3179 | D:4      | Got a pair of heavily runed gloves
  3190 | D:4      | Identified the +1 pair of gloves of the Skies Above
                  | {Stlth+} (You found it on level 4 of the Dungeon)
  3928 | D:5      | Entered Level 5 of the Dungeon
  3941 | D:5      | Paralysed by fainting for 10 turns
  3980 | D:5      | Found Giyn's Assorted Antiques.
  4045 | D:5      | Noticed an ice beast
  4056 | D:5      | Killed an ice beast
  4126 | D:5      | Found a staircase to the Ecumenical Temple.
  4143 | D:5      | Reached XP level 7. HP: 55/62 MP: 2/6
  4156 | D:5      | HP: 3/62 [orc warrior/+0 glaive (4)]
  4157 | D:5      | Mangled by an orc warrior

Skill      XL: |  1  2  3  4  5  6  7 |
---------------+----------------------+-----
Fighting       | 4 5 |  5.7
Maces & Flails | 4 5 |  5.9
Stealth        | 1 |  1.0
Dodging        | 3 4 |  4.1
Throwing       | 1 2 3 |  3.1
Armour         | 3 4 |  4.0

Action                   |  1- 3 |  4- 6 |  7- 9 || total
-------------------------+-------+-------+-------++-------
Melee: Mace              |    76 |    90 |       ||   166
       Headbutt          |    11 |    84 |     2 ||    97
       Flail             |       |   184 |    11 ||   195
Invok: Berserk           |     2 |     6 |       ||     8
  Eat: Chunk             |     3 |     8 |       ||    11
       Ration            |       |     2 |       ||     2
Armor: Animal skin       |     9 |       |       ||     9
       Plate armour      |    11 |   137 |    14 ||   162
       Ring mail         |     7 |       |       ||     7
Dodge: Dodged            |    57 |    87 |    12 ||   156
